, neutral male human Ranger ----- ------ |<..--- ------....... ------- --- ------- |..)).---|.........--. |.....| .. ..... --..|...(%...)-....- |.(_..| --.---+--@- --.|-.....- -. # |.....| --- |..| ..|-@| --|.........|--- .---- ---|--- +.| .---|..---.-..--- ----.|....|..----...-- |.| |.| --+-.....-.--........--+- -----..|....|.....---- |.| |.|--- -......--....0.....G1....| ------ |..|.............---.-- |....| .......--..--------|--..-- |((.%| --......---...........----- |.|..| ........| .. .- |.)..| |........|...|...........---|.|..| -.......| ?! . ---|--------....-------...---......-|.|------....--- ---- .| ------%---...-|...-|..|..|-...|.. -...|.--..|.).|.. |..|-.........|..--|..|..| -..... -....|........-- |..-...............-|---.-----..--..........--.. -----.....{....----...............|...`....... |..............-- --+--.---------.........--.. -+-----.........| |.|.(((| --.......- --..------- |.-.(((| ---...--- ---- --|.(((| ---- ----- the Trailblazer Experience level: 8 Strength: 12 Dexterity: 9 Constitution: 13 Intelligence: 14 Wisdom: 13 Charisma: 10 Health: 0(47) Energy: 41(41) AC: 5 Gold: 9 Moves: 2361 Your Inventory: Coins $ - 9 gold pieces Amulets h - an uncursed oval amulet [of unchanging] (being worn) Weapons a - an uncursed +1 dagger (weapon in hand) b - an uncursed +1 bow (alternate weapon; not wielded) c - 27 uncursed +2 arrows (in quiver) d - 33 uncursed +0 arrows r - a [cursed +0] arrow A - a [cursed -2] thonged club [of fumbling (aklys)] Armor e - an uncursed +2 cloak of displacement (being worn) y - an [uncursed] +0 pair of hard shoes [of warning (iron)] (being worn) Comestibles f - 4 uncursed cram rations x - 2 [uncursed] food rations E - an [uncursed] food ration Scrolls l - an [uncursed] scroll labeled KO BATE [of stinking cloud] v - an [uncursed] scroll labeled THARR [of create monster] Spellbooks s - an [uncursed] tan spellbook [of detect monsters] Potions i - an [uncursed] clear potion [of water] p - a [cursed] diluted amber potion [of paralysis] C - an [uncursed] yellow potion [of confusion] Rings g - a cursed sapphire ring [of polymorph] z - a cursed emerald ring [of hunger] G - a cursed ridged ring [of teleportation] Wands m - an [uncursed] mithril wand [of locking (0:1)] u - an [uncursed] wand of fire [0:5] Tools q - an [uncursed] bag [sack] B - an [uncursed +0] pick-axe Gems j - 3 [uncursed] black gems [jet] n - an [uncursed] white gem [dilithium crystal] w - an [uncursed] red gem [worthless glass] Spells known in the end: Name Level Category Fail Memory Your skills at the end: Fighting Skills Weapon Skills dagger [Basic / Expert] bow [Basic / Expert] Spellcasting Skills Final Attributes: You were piously aligned. Hunger level was 591. Your alignment was 21 / 21. Monster difficulty range was 1 - 7. Level difficulty was 6. You were warned. You had automatic searching. You were displaced. You were stealthy. You could not change from your current form. Your luck was zero. You are dead. Vanquished creatures: a giant beetle a leprechaun an enormous rat a pony a yellow light 4 gnome lords a gnomish wizard 5 elf zombies 2 floating eyes a kitten 7 dwarves 4 hill orcs a rothe a centipede 3 dwarf zombies 3 iguanas 3 hobbits a hobgoblin a giant rat a yellow mold 29 gnomes a gecko 3 jackals 2 kobolds 2 lichens 5 newts 85 creatures vanquished. Voluntary challenges: You used a wielded weapon 53 times. You read items or engraved 7 times. You put on armor 2 times. You never genocided any monsters. You never polymorphed an object. You never changed form. You used no wishes. You wrote Elbereth's name 2 times. You never encountered a bones level. You never used any Sokoban shortcuts. Dungeon overview: The Dungeons of Doom: levels 1 to 3 Level 1 a fountain a long staircase Level 3 a sink stairs to The Gnomish Mines The Gnomish Mines: levels 4 to 6 Level 4 stairs to The Dungeons of Doom Level 6 <- You were here some shops, a temple to Venus, a magic chest, a fountain History has recorded: On T:1 you entered the Dungeons of Doom to retrieve the Amulet of Yendor! On T:308 you reached level 2 of The Dungeons of Doom. On T:376 you advanced to experience level 2. On T:597 you advanced to experience level 3. On T:676 you reached level 3 of The Dungeons of Doom. On T:723 you advanced to experience level 4. On T:864 you reached level 1 of The Gnomish Mines. On T:885 you advanced to experience level 5. On T:923 you advanced to experience level 6. On T:1297 you reached level 2 of The Gnomish Mines. On T:1413 you advanced to experience level 7. On T:1773 you reached level 3 of The Gnomish Mines. On T:2285 you advanced to experience level 8. Latest messages: The gnome shoots an arrow! The arrow misses the gnome. The arrow hits the watchman. The watchman picks up an uncursed +2 arrow. The watchman hits! [HP-7=20] The arrow misses the watchman. The watchman hits! [HP-7=13] The arrow misses the watchman. The gnome shoots an arrow! The arrow hits the gnome! The gnome is killed! The watchman picks up 2 food rations. The watchman hits! [HP-7=6] You begin praying to Venus. The watchman hits! [HP-4=2] The watchman hits! You die... The sack is empty. Final status: Goodbye the Ranger... You died in The Gnomish Mines on dungeon level 6 with 3049 points, and 9 pieces of gold, after 2361 moves. You were level 8 with a maximum of 47 hit points when you died.